 Dungeon Crawl Stone Soup version 0.30-a0-54-g2e61a25929 (webtiles) character file.

Game seed: 5500776727677945137

5 frimble the Trooper (level 1, -1/18 HPs)
             Began as a Demonspawn Cinder Acolyte on Sept 7, 2022.
             Was a High Priest of Ignis.
             Slain by a quokka (2 damage)
             ... on level 1 of the Dungeon.
             The game lasted 00:00:19 (463 turns).

frimble the Trooper (Demonspawn Cinder Acolyte)      Turns: 463, Time: 00:00:19

Health: -1/18      AC:  5    Str: 14    XL:     1   Next: 66%
Magic:  2/2        EV: 10    Int: 15    God:    Ignis [*****.]
Gold:   32         SH:  0    Dex:  8    Spells: 2/2 levels left

rFire   + . .      SeeInvis .      - Unarmed
rCold   . . .      Faith    .    (no shield)
rNeg    . . .      Spirit   .    b - +0 ring mail
rPois   .          Reflect  .    (no helmet)
rElec   .          Harm     .    (no cloak)
rCorr   .          Rampage  .    (no gloves)
Will    .....                    (no boots)
Stlth   ..........               (no amulet)
HPRegen 0.06/turn                (no ring)
MPRegen 0.08/turn                (no ring)

@: no status effects
A: no striking features
a: Renounce Religion, Fiery Armour, Foxfire Swarm, Rising Flame


You were on level 1 of the Dungeon.
You worshipped Ignis.
Ignis was extremely pleased with you.
You visited 1 branch of the dungeon, and saw 1 of its levels.

You collected 32 gold pieces.

Inventory:

Armour
 a - a +0 robe
 b - a +0 ring mail (worn)
Scrolls
 c - 2 scrolls of identify {unknown}


   Skills:
 + Level 3.1 Fighting
 + Level 2.8 Unarmed Combat
 + Level 1.1 Spellcasting
 + Level 2.7 Fire Magic


You had 2 spell levels left.
You didn't know any spells.
Your spell library contained the following spells:

 Spells                   Type           Power      Damage    Failure   Level
 Scorch                   Fire           18%        2d6       24%         2


Dungeon Overview and Level Annotations

Branches:
Dungeon (1/15)

Altars:


Message History

A quokka comes into view.
A quokka is nearby!
A quokka is nearby!
A quokka is nearby!
A quokka is nearby!
Found a viscous green potion.
The quokka bites you. x2
You closely miss the quokka. The quokka completely misses you.
You hit the quokka but do no damage. The quokka misses you.
You barely miss the quokka. The quokka bites you.
You closely miss the quokka. The quokka bites you.
You are too injured to fight recklessly!
You are too injured to fight recklessly!
You are too injured to fight recklessly!
You are too injured to fight recklessly!
You are too injured to fight recklessly!
You are too injured to fight recklessly!
You are too injured to fight recklessly!
You barely miss the quokka. The quokka bites you.
You hit the quokka but do no damage. The quokka closely misses you.
You barely miss the quokka.
The quokka bites you but does no damage.
You closely miss the quokka. The quokka barely misses you.
You barely miss the quokka. The quokka barely misses you.
You hit the quokka but do no damage. The quokka bites you.
The quokka barely misses you.
You barely miss the quokka. The quokka barely misses you.
You closely miss the quokka.
The quokka bites you but does no damage.
You hit the quokka.
The quokka is almost dead.
The quokka bites you.
* * * LOW HITPOINT WARNING * * *
You miss the quokka.
The quokka is almost dead.
The quokka bites you.
* * * LOW HITPOINT WARNING * * *
You hit the quokka but do no damage.
The quokka is almost dead.
The quokka bites you.
You die...

######### ####
###########+#...#
##...............# #
#..##.##.........#.#
>.##...##........#.#
..#..#..#........#.#
..#.#.#.#..........#
#....#.........#...#
..#†#.#.#.#.##..@..#
..#..#..#.#.##.##r.#
+.##...##...##.# ..#
#..##.##..####.# #.#
#........#####.# !#
#..#.#.......#.# .#
##.#.#.#####.#.# #
#.#.#.# #.#.######
#.#.#.# #........#


You could see a quokka.

Vanquished Creatures
  A giant cockroach (D:1)
  A hobgoblin (D:1)
  A quokka (D:1)
  A frilled lizard (D:1)
  A rat (D:1)
5 creatures vanquished.

Notes
Turn   | Place    | Note
-------+----------+-------------------------------------------
     0 | D:1      | frimble the Demonspawn Cinder Acolyte began the quest for
                  | the Orb.
     0 | D:1      | Reached XP level 1. HP: 18/18 MP: 2/2
   463 | D:1      | Slain by a quokka

Illustrated notes

Levels and vault maps discovered:
D:1:      dpeg_arrival_stone_temple_mockup, layout_basic, serial_shops, shop,
          nicolae_shop_hallway_plus, shop, minmay_box_of_dots

Action                   || total
-------------------------++-------
Melee: Unarmed           ||    45
Armor: Robe              ||     5
       Ring mail         ||     2
Dodge: Dodged            ||    22

Table legend: (Time is in decaauts)
 A = Elapsed time spent in this place.
 B = Non-inter-level travel time spent in this place.
 C = Inter-level travel time spent in this place.
 D = Time resting spent in this place.
 E = Time spent auto-exploring this place.
 F = Levels seen in this place.
 G = Mean time per level.
                   A        B        C        D        E       F      G
               +--------+--------+--------+--------+--------+-----+--------+
         Total |    461 |    453 |      8 |      0 |    378 |   1 |  461.0 |
       Dungeon |    461 |    453 |      8 |      0 |    378 |   1 |  461.0 |
               +--------+--------+--------+--------+--------+-----+--------+

Top non-repeatable levels by time:
     D:1: 461 daAuts
